 Dungeon Crawl Stone Soup version 0.24.1-14-gf8d2b509d9 (webtiles) character file.

Game seed: 14968115347549777942, levelgen mode: deterministic

4 Chiseanne the Magician (level 1, 0/23 HPs)
             Began as a Gnoll Wanderer on May 25, 2020.
             Slain by a hobgoblin
             ... wielding a +0 club
              (7 damage)
             ... on level 1 of the Dungeon.
             The game lasted 00:00:16 (30 turns).

Chiseanne the Magician (Gnoll Wanderer)               Turns: 30, Time: 00:00:17

Health: 0/23       AC:  2    Str: 14    XL:     1   Next: 60%
Magic:  8/8        EV: 11    Int: 14    God:
Gold:   0          SH:  0    Dex: 14    Spells: 14/14 levels left

rFire    . . .     SeeInvis .   a - +2 spear
rCold    . . .     Gourm    .   (no shield)
rNeg     . . .     Faith    .   d - +0 robe
rPois    .         Spirit   .   (no helmet)
rElec    .         Reflect  .   (no cloak)
rCorr    .         Harm     .   (no gloves)
MR       .....                  (no boots)
Stlth    +++.......             (no amulet)
HPRegen  0.07/turn              (no ring)
MPRegen  0.11/turn              (no ring)

@: no status effects
A: distributed training, fangs 1, strong nose
a: no special abilities


You were on level 1 of the Dungeon.
You were not hungry.

You visited 1 branch of the dungeon, and saw 1 of its levels.

Inventory:

Hand Weapons
 a - a +2 spear (weapon)
 e - a +0 dagger
Armour
 d - a +0 robe (worn)
Scrolls
 g - a scroll of noise {unknown}
Potions
 b - a potion of curing
 c - a potion of lignification
Comestibles
 f - a ration


   Skills:
 + Level 6.4 Fighting
 + Level 0.0 Short Blades
 + Level 0.0 Long Blades
 + Level 0.0 Axes
 + Level 0.0 Maces & Flails
 + Level 0.0 Polearms
 + Level 0.0 Staves
 + Level 0.0 Slings
 + Level 0.0 Bows
 + Level 0.0 Crossbows
 + Level 0.0 Throwing
 + Level 0.0 Armour
 + Level 0.0 Dodging
 + Level 5.8 Stealth
 + Level 2.3 Shields
 + Level 0.0 Unarmed Combat
 + Level 7.0 Spellcasting
 + Level 0.0 Conjurations
 + Level 0.0 Hexes
 + Level 0.0 Charms
 + Level 0.0 Summonings
 + Level 0.0 Necromancy
 + Level 0.0 Translocations
 + Level 0.0 Transmutations
 + Level 0.0 Fire Magic
 + Level 0.0 Ice Magic
 + Level 0.0 Air Magic
 + Level 0.0 Earth Magic
 + Level 0.0 Poison Magic
 + Level 0.1 Invocations
 + Level 0.0 Evocations


You had 14 spell levels left.
You didn't know any spells.
Your spell library was empty.

Dungeon Overview and Level Annotations

Branches:
Dungeon (1/15)

Altars:


Innate Abilities, Weirdness & Mutations

Your experience applies equally to all skills.
You have very sharp teeth.
Your uncanny sense of smell can sniff out nearby items.


Message History

You closely miss the leopard gecko.
The leopard gecko is severely wounded.
The leopard gecko bites you.
You hit the leopard gecko but do no damage.
The leopard gecko is severely wounded.
The leopard gecko bites you. The leopard gecko closely misses you.
You completely miss the leopard gecko.
The leopard gecko is severely wounded.
The leopard gecko misses you.
A frilled lizard comes into view.
The frilled lizard hisses angrily.
You hit the leopard gecko.
You kill the leopard gecko!
You hit the hobgoblin but do no damage. Your bite misses the hobgoblin.
The hobgoblin hits you with a +0 club.
The rat twitches its whiskers.
You barely miss the hobgoblin.
The hobgoblin hits you but does no damage.
You barely miss the hobgoblin. The hobgoblin hits you with a +0 club!
You die...

#. .....(...
.##........ ...........
.......... .. #.#
#........[ #.##.#
#......... #.#..#
#..)...!.. #....##
####........
#.....###.@gr.......
####.8....#..####l.....
#≈≈≈........#####......
#≈≈§≈§.................
#>§≈§§<8..8..####...!..
#≈§§≈.......## ....
#§§§........... ....
####.8......##.>
#.......#.. #


You could see a hobgoblin, a frilled lizard and a rat.

Vanquished Creatures
  A leopard gecko (D:1)
  2 kobolds (D:1)
3 creatures vanquished.

Notes
Turn   | Place    | Note
-------+----------+-------------------------------------------
     0 | D:1      | Chiseanne the Gnoll Wanderer began the quest for the Orb.
     0 | D:1      | Chiseanne set off with the following items: a +2 spear, a
                  | potion of curing, a potion of lignification, a +0 robe, a
                  | +0 dagger, a ration
     0 | D:1      | Reached XP level 1. HP: 23/23 MP: 8/8
    30 | D:1      | Slain by a hobgoblin

Levels and vault maps discovered:
D:1:      grunt_arrival_lava_bath, layout_rooms

Action                   || total
-------------------------++-------
Melee: Spear             ||    16
Armor: Robe              ||     2
Dodge: Dodged            ||     7
